 Dungeon Crawl Stone Soup version 0.27-a0-1423-ge5d6b6ab6a (webtiles) character file.

Game seed: 7201094050908244464

224072 Dwad the Spry (level 19, -5/124 HPs)
             Began as a Tengu Berserker on July 2, 2021.
             Was the Champion of Trog.
             Killed from afar by a death drake (7 damage)
             ... with a foul vapour
             ... on level 4 of the Swamp.
             The game lasted 01:17:48 (47237 turns).

Dwad the Spry (Tengu Berserker)                    Turns: 47237, Time: 01:17:48

Health: -5/124     AC: 25    Str: 24    XL:     19   Next: 28%
Magic:  6/6        EV: 22    Int:  8    God:    Trog [******]
Gold:   3194       SH: 19    Dex: 15    Spells: 18/18 levels left

rFire    + + .     SeeInvis .   i - +8 demon blade (antimagic)
rCold    x . .     Faith    .   S - +0 kite shield
rNeg     . . .     Spirit   .   J - +0 fire dragon scales
rPois    +         Reflect  +   H - +0 hat
rElec    .         Harm     .   M - +0 cloak
rCorr    .         Rampage  .   F - +3 pair of gauntlets of War {Slay+5}
Will     +....                  (boots unavailable)
Stlth    ..........             R - amulet of reflection
HPRegen  0.30/turn              j - +4 ring of protection
MPRegen  0.10/turn              r - ring of poison resistance

@: lethally poisoned (-5 -> -20), flying quickly and evasively, slowed, very
slow
A: beak, talons 3, nimble flight
}: 1/15 runes: gossamer
a: Renounce Religion, Berserk, Trog's Hand, Brothers in Arms


You were on level 4 of the Swamp.
You worshipped Trog.
Trog was exalted by your worship.
You visited 5 branches of the dungeon, and saw 31 of its levels.

You collected 3194 gold pieces.

Inventory:

Hand Weapons
 i - a +8 antimagic demon blade (weapon)
 l - a +1 vorpal double sword
Missiles
 e - 71 poisoned darts (quivered)
 y - 4 curare-tipped darts
 A - 18 atropa-tipped darts
 C - a throwing net
Armour
 F - the +3 pair of gauntlets of War (worn) {Slay+5}
   (You found it on level 2 of the Orcish Mines)

   Slay:      It affects your accuracy & damage with ranged weapons and melee
   (+5).
 H - a +0 hat (worn)
 J - +0 fire dragon scales (worn)
 M - a +0 cloak (worn)
 S - a +0 kite shield (worn)
Jewellery
 j - a +4 ring of protection (left hand)
 r - a ring of poison resistance (right hand)
 z - a +4 ring of protection
 R - an amulet of reflection (around neck)
 W - a ring of magical power
Wands
 a - a wand of polymorph (21)
 s - a wand of iceblast (17)
 B - a wand of flame (45)
 K - a wand of acid (30)
 L - a wand of digging (25)
 N - a wand of charming (9)
 O - a wand of mindburst (31)
 Q - a wand of paralysis (28)
Scrolls
 d - 10 scrolls of amnesia
 f - 3 scrolls of identify
 k - 3 scrolls of fog
 m - a scroll of acquirement
 n - 12 scrolls of teleportation
 o - 3 scrolls of fear
 u - 4 scrolls of enchant weapon
 v - 2 scrolls of brand weapon
 x - 5 scrolls of enchant armour
 D - 4 scrolls of blinking
 P - 4 scrolls of magic mapping
Potions
 b - 3 potions of might
 c - 7 potions of curing
 p - 3 potions of heal wounds
 t - 7 potions of lignification
 w - a potion of resistance
 E - 4 potions of ambrosia
 G - 3 potions of cancellation
 I - 6 potions of haste
 T - 3 potions of magic
 U - a potion of berserk rage
 V - a potion of invisibility
Miscellaneous
 g - a box of beasts


   Skills:
 - Level 15.0 Fighting
 - Level 14.0 Long Blades
 + Level 17.8 Armour
 + Level 17.8 Dodging
 - Level 15.0 Shields


You had 18 spell levels left.
You didn't know any spells.
Your spell library was empty.

Dungeon Overview and Level Annotations

Branches:
Dungeon (15/15)            Temple (0/1) D:4            Lair (6/6) D:11
  Swamp (4/4) Lair:4       Spider (4/4) Lair:2        Slime (0/5) Lair:5
    Orc (2/2) D:9             Elf (0/3) Orc:2        Vaults (0/5) D:14
 Depths (0/5) D:15

Altars:
Okawaru
Wu Jian
Beogh

Shops:
D:11 (   D:13 *   Orc:1 [   Orc:2 =[(**

Portals:
Trove: D:10 (give 2 scrolls of acquirement)

Annotations:
D:14 2 transporters, Neilug's ghost, journeyman VSBe
Swamp:2 Nikola


Innate Abilities, Weirdness & Mutations

You have a beak for a mouth.
You have claws for feet.
Your magical nature lets you fly swiftly and evasively.


Message History

You hit the death drake but do no damage.
Your kick misses the death drake.
The death drake is moderately wounded.
You are engulfed in dark miasma.
You are poisoned.
You feel very sick. You block the death drake's attack.
You slash the death drake! You peck the death drake.
The death drake is heavily wounded.
You are engulfed in dark miasma.
You feel very sick. You block the death drake's attack.
You feel better.
You are engulfed in dark miasma.
* * * LOW HITPOINT WARNING * * *
You block the death drake's attack. x2
You closely miss the death drake. Your peck misses the death drake.
The death drake is heavily wounded.
You are engulfed in dark miasma.
You are poisoned.
You feel as though you will be slow longer.
* * * LOW HITPOINT WARNING * * *
x2 You feel very sick.
The death drake bites you!
* * * LOW HITPOINT WARNING * * *
You feel better.
You are engulfed in dark miasma.
You are poisoned.
* * * LOW HITPOINT WARNING * * *
x2 You feel very sick.
You block the death drake's attack.
The death drake bites you but does no damage.
Unknown command.
Press: ? - help, v - describe, . - travel Some shallow water.
There is a cloud of foul pestilence here.
* * * LOW HITPOINT WARNING * * *
You feel very sick. The death drake closely misses you.
The death drake breathes miasma at you. The foul vapour engulfs you!
You are more poisoned.
You die...

##.≈##
≈≈≈≈##
.≈≈≈≈##
...≈≈
#...
#..#
##..#
##°k@#
##..°##
#..°##
##..##
##°..#
#≈..##
##...#
#..°○#
♣♣
##..○≈#


You could see a death drake (catching breath).

Vanquished Creatures
  Arachne (Spider:3)
  Jorgrun (D:15)
  Asterion (Spider:3)
  3 orc warlords
  5 ghost moths
  Aizul (Spider:1)
  9 emperor scorpions
  3 entropy weavers
  5 bunyips
  The ghost of Dwad the Grappler, a journeyman TrMo of Okawaru (D:12)
  4 spark wasps
  5 eleionomae
  Josephine (D:13)
  A shambling mangrove (Swamp:4)
  A yaktaur captain (D:14)
  Harold (Orc:1)
  6 boulder beetles
  15 hydras
  A catoblepas (D:14)
  5 two-headed ogres
  4 centaur warriors
  The ghost of Turbonekonecno the Unseen, a journeyman SpEn of Dithmenos (Orc:2)
  3 ghost crabs
  7 death yaks
  2 alligators
  2 tengu warriors (D:13)
  A vampire mage (D:15)
  2 orc high priests (Orc:2)
  A skeletal warrior (D:15)
  A golden dragon zombie (D:15)
  3 goliath frogs
  11 bog bodies
  A spriggan druid (Swamp:4)
  2 swamp dragons (Swamp:4)
  A lindwurm (Lair:6)
  A wizard (D:14)
  38 wolf spiders
  A necromancer (D:15)
  9 orc knights
  2 deep elf pyromancers
  An orb spider (shapeshifter) (D:14)
  3 cyclopes
  35 orb spiders
  3 will-o-the-wisps
  6 orc sorcerers (Orc:2)
  2 frost giant zombies (D:15)
  2 moths of wrath
  Maurice (D:13)
  3 manticores
  A guardian serpent (Lair:6)
  8 black mambas
  16 elephants
  A fire giant skeleton (D:15)
  A guardian serpent (shapeshifter) (D:15)
  25 cane toads
  4 gargoyles
  An unseen horror (D:11)
  17 demonic crawlers
  4 torpor snails
  Maggie (D:8)
  6 rime drakes
  7 komodo dragons
  4 swamp worm zombies (Swamp:4)
  3 kobold demonologists (D:13)
  A queen bee (Spider:2)
  7 yaktaurs
  6 trolls
  9 meliai
  A guardian mummy (D:15)
  44 jumping spiders
  23 hornets
  2 polar bears (Lair:6)
  10 tyrant leeches
  16 slime creatures
  16 blink frogs
  3 alligator zombies (Swamp:4)
  7 dream sheep (Lair:6)
  A centaur simulacrum (D:12)
  3 shadows (D:9)
  32 tarantellas
  81 redbacks
  7 spriggans
  6 wraiths
  15 wyverns
  4 basilisks
  2 steam dragons
  59 yaks
  3 vampire mosquitoes (D:10)
  18 swamp worms
  5 wargs
  2 acid dragons
  29 water moccasins
  41 orc warriors
  A swamp drake (Swamp:3)
  2 ice beasts
  2 sky beasts (D:3)
  2 necrophages
  7 ogres
  A wolf (Lair:4)
  11 centaurs
  A phantom (D:5)
  Blork the orc (Orc:2)
  2 kobold brigands
  8 bullfrogs
  A gnoll sergeant (D:9)
  3 scorpions
  21 killer bees
  3 troll zombies (D:9)
  7 wights (D:8)
  4 electric eels
  4 howler monkeys
  6 centaur zombies
  A bullfrog zombie (D:5)
  14 orc priests
  A bullfrog skeleton (D:6)
  3 hounds
  4 jellies
  2 centaur skeletons (D:7)
  2 gnoll shamans
  22 orc wizards
  An iguana (D:5)
  4 hell rats (Lair:3)
  3 ogre zombies (D:9)
  2 hound skeletons (D:4)
  Robin (D:4)
  14 gnolls
  A howler monkey skeleton (D:7)
  6 adders
  3 shadow imps
  2 white imps
  2 adder skeletons (D:4)
  A dart slug (D:5)
  64 orcs
  5 ball pythons
  15 endoplasms
  8 giant cockroaches
  9 hobgoblins
  6 jackals
  4 quokkas
  4 bats
  3 frilled lizards
  20 goblins
  A goblin skeleton (D:9)
  4 goblin zombies (D:9)
  2 hobgoblin zombies (D:9)
  14 kobolds
  4 orc skeletons (D:9)
  8 orc zombies (D:9)
  11 rats
1129 creatures vanquished.

Vanquished Creatures (others)
  A tentacled monstrosity (Swamp:3)
  A goliath frog (Swamp:4)
  A torpor snail (Spider:4)
  3 bloated husks
  A spriggan (Swamp:4)
  2 swamp worms
  18 foxfires
  23 fungi
  79 plants
  4 withered plants (D:15)
133 creatures vanquished.

Grand Total: 1262 creatures vanquished

Notes
Turn   | Place    | Note
-------+----------+-------------------------------------------
     0 | D:1      | Dwad the Tengu Berserker began the quest for the Orb.
     0 | D:1      | Reached XP level 1. HP: 14/14 MP: 2/2
   405 | D:1      | Reached XP level 2. HP: 19/19 MP: 3/3
  1057 | D:1      | Reached XP level 3. HP: 9/23 MP: 4/4
  1262 | D:1      | Reached ** piety under Trog
  2074 | D:2      | Reached skill level 5 in Long Blades
  2122 | D:2      | Reached XP level 4. HP: 19/28 MP: 5/5
  2357 | D:2      | Found a faded altar of an unknown god.
  2765 | D:3      | Noticed a sky beast
  2816 | D:3      | Killed a sky beast
  2817 | D:3      | Gained mutation: Your magical nature lets you fly swiftly
                  | and evasively. [Tengu growth]
  2817 | D:3      | Reached XP level 5. HP: 25/32 MP: 6/6
  3096 | D:3      | Reached *** piety under Trog
  3250 | D:3      | Noticed a sky beast
  3318 | D:3      | Killed a sky beast
  3319 | D:3      | Reached XP level 6. HP: 37/37 MP: 7/7
  3532 | D:4      | Noticed a necrophage
  3541 | D:4      | Killed a necrophage
  3542 | D:4      | Reached XP level 7. HP: 32/41 MP: 8/8
  3710 | D:4      | Found a staircase to the Ecumenical Temple.
  3874 | D:4      | Noticed Robin
  3888 | D:4      | Killed Robin
  3936 | D:4      | Reached **** piety under Trog
  4515 | D:5      | Entered Level 5 of the Dungeon
  4739 | D:5      | Reached skill level 10 in Long Blades
  4838 | D:5      | Reached XP level 8. HP: 46/46 MP: 9/9
  6049 | D:7      | Reached XP level 9. HP: 50/50 MP: 10/10
  6294 | D:7      | Reached ***** piety under Trog
  7535 | D:8      | Found an iron altar of Okawaru.
  7535 | D:8      | Noticed a hornet
  7540 | D:8      | Paralysed by a hornet for 2 turns
  7546 | D:8      | Killed a hornet
  7811 | D:8      | Reached skill level 5 in Fighting
  7815 | D:8      | Reached XP level 10. HP: 48/56 MP: 11/11
  7893 | D:8      | Received a gift from Trog
  8279 | D:8      | Noticed a gargoyle
  8289 | D:8      | Killed a gargoyle
  8546 | D:8      | Noticed Maggie
  8557 | D:8      | Killed Maggie
  9256 | D:9      | Found a staircase to the Orcish Mines.
  9574 | D:9      | Noticed a two-headed ogre
  9584 | D:9      | Killed a two-headed ogre
  9585 | D:9      | Reached skill level 10 in Fighting
  9809 | D:9      | Reached XP level 11. HP: 68/72 MP: 12/12
 10755 | D:10     | Entered Level 10 of the Dungeon
 11057 | D:10     | Reached skill level 5 in Dodging
 11931 | D:10     | Found a portal to a secret trove of treasure.
 12280 | D:11     | Noticed a cyclops
 12292 | D:11     | Reached skill level 5 in Armour
 12295 | D:11     | Killed a cyclops
 12477 | D:11     | Noticed a manticore
 12486 | D:11     | Killed a manticore
 12499 | D:11     | Found Karuch's Antique Weapon Boutique.
 12931 | D:11     | Noticed a two-headed ogre
 12949 | D:11     | Killed a two-headed ogre
 13372 | D:11     | Reached XP level 12. HP: 77/77 MP: 13/13
 13587 | D:11     | Found a staircase to the Lair.
 14212 | Lair:1   | Entered Level 1 of the Lair of Beasts
 14253 | Lair:1   | Received a gift from Trog
 14379 | Lair:1   | Reached skill level 10 in Dodging
 14383 | Lair:1   | Reached skill level 10 in Armour
 14617 | Lair:1   | Noticed a six-headed hydra
 14689 | Lair:2   | Found a hole to the Spider Nest.
 14802 | Lair:2   | Noticed a six-headed hydra
 15176 | D:12     | Noticed a six-headed hydra
 16270 | Lair:2   | Reached XP level 13. HP: 77/82 MP: 14/14
 18752 | Lair:4   | Found a staircase to the Swamp.
 19113 | Lair:5   | Received a gift from Trog
 19619 | Lair:5   | Reached ****** piety under Trog
 19921 | Lair:5   | Found a staircase to the Slime Pits.
 20411 | Lair:5   | Reached XP level 14. HP: 88/88 MP: 5/15
 21040 | Lair:6   | Entered Level 6 of the Lair of Beasts
 21086 | Lair:5   | Reached skill level 1 in Shields
 22912 | Lair:6   | Reached skill level 15 in Armour
 22912 | Lair:6   | Reached skill level 15 in Dodging
 23784 | Orc:1    | Entered Level 1 of the Orcish Mines
 23801 | Orc:1    | Reached XP level 15. HP: 85/93 MP: 5/16
 23880 | Orc:1    | Found Tiuly's Armour Shop.
 23920 | Orc:1    | Noticed Harold
 23928 | Orc:1    | Killed Harold
 24065 | Orc:2    | Entered Level 2 of the Orcish Mines
 24114 | Orc:2    | Received a gift from Trog
 24308 | Orc:2    | Noticed an orc warlord
 24697 | Orc:1    | Killed an orc warlord
 24871 | Orc:2    | Noticed an orc warlord
 26728 | Orc:2    | Identified the +0 plate armour of the Ancient Xalams {Int-5
                  | Dex+5}
 26904 | Orc:2    | Killed an orc warlord
 27111 | Orc:2    | Noticed Blork the orc
 27121 | Orc:2    | Received a gift from Trog
 27136 | Orc:2    | Killed Blork the orc
 27193 | Orc:2    | Noticed an orc warlord
 27227 | Orc:2    | Killed an orc warlord
 27484 | Orc:2    | Found a staircase to the Elven Halls.
 27545 | Orc:2    | Found Corghasyts's Assorted Antiques.
 27590 | Orc:2    | Found Farhon's Antique Weapon Shop.
 27603 | Orc:2    | Found Boeskytt's Antique Armour Shop.
 27879 | Orc:2    | Found Hojibb's General Store.
 27894 | Orc:2    | Found Kaxkes's Jewellery Shop.
 27971 | Orc:2    | Found a runed translucent gate.
 27971 | Orc:2    | Found a runed translucent gate.
 27976 | Orc:2    | Noticed Turbonekonecno's ghost (journeyman SpEn)
 27977 | Orc:2    | Found a runed translucent gate.
 27999 | Orc:2    | Killed Turbonekonecno's ghost
 28278 | Orc:2    | Found the +3 pair of gauntlets of War {Slay+5}
 29533 | D:12     | Found a runed translucent door.
 29534 | D:12     | Noticed Dwad's ghost (journeyman TrMo)
 29547 | D:12     | Killed Dwad's ghost
 30022 | D:13     | Noticed Maurice
 30027 | D:13     | Received a gift from Trog
 30034 | D:13     | Killed Maurice
 30076 | D:13     | Noticed Josephine
 30101 | D:13     | Killed Josephine
 30292 | D:13     | Found Zacrocus's General Store.
 30435 | D:13     | Reached XP level 16. HP: 107/107 MP: 5/17
 30749 | D:14     | Identified the +3 ring mail of the Solstice {Str+6}
 30836 | D:14     | Noticed Neilug's ghost (journeyman VSBe)
 30855 | D:14     | Found a transporter.
 30942 | D:14     | Found a gate to the Vaults.
 30959 | D:14     | Reached skill level 15 in Fighting
 31185 | D:14     | Found a transporter.
 31550 | D:15     | Entered Level 15 of the Dungeon
 31697 | D:15     | Noticed Jorgrun
 31909 | D:15     | Found a staircase to the Depths.
 31968 | D:15     | Killed Jorgrun
 32238 | D:15     | Found an ornate altar of the Wu Jian Council.
 32386 | D:15     | Received a gift from Trog
 33085 | Spider:1 | Entered Level 1 of the Spider Nest
 33630 | Spider:1 | Reached skill level 5 in Shields
 33918 | Spider:1 | Received a gift from Trog
 34327 | Spider:1 | Noticed Aizul
 34337 | Spider:1 | Killed Aizul
 34342 | Spider:1 | Reached XP level 17. HP: 113/113 MP: 6/18
 35015 | Spider:1 | Reached skill level 10 in Shields
 37016 | Spider:3 | Noticed Arachne
 37029 | Spider:3 | Killed Arachne
 37376 | Spider:3 | Noticed Asterion
 38069 | Spider:3 | Received a gift from Trog
 38502 | Spider:3 | Killed Asterion
 38600 | Spider:3 | Reached XP level 18. HP: 107/119 MP: 6/19
 39154 | Spider:4 | Entered Level 4 of the Spider Nest
 39434 | Spider:4 | Identified a scroll of acquirement
 40006 | Spider:4 | Received a gift from Trog
 40414 | Spider:4 | Reached skill level 15 in Shields
 41180 | Spider:4 | Identified the +9 lajatang of the Establishment {vorpal,
                  | rCorr Dex+4} (Trog gifted it to you on level 4 of the
                  | Spider Nest)
 41180 | Spider:4 | Received a gift from Trog
 41914 | Spider:4 | Got a gossamer rune of Zot
 42245 | Swamp:1  | Entered Level 1 of the Swamp
 44419 | Swamp:2  | Noticed Nikola
 44825 | Swamp:3  | Noticed a tentacled monstrosity
 44845 | Swamp:3  | Killed a tentacled monstrosity
 45155 | Swamp:3  | Reached XP level 19. HP: 97/124 MP: 6/20
 45855 | Swamp:4  | Entered Level 4 of the Swamp
 45932 | Swamp:4  | Received a gift from Trog
 47236 | Swamp:4  | HP: 4/124 [poison (dark miasma)]
 47237 | Swamp:4  | Killed from afar by a death drake

Illustrated notes

Levels and vault maps discovered:
D:1:      roderic_chinese_lattice_arrival, layout_loops_corners, minivault_14,
          chequers_jeans, serial_bayou_pond_d, nrook_mini_backslash
D:2:      layout_rooms, shapermc_ecumenical_altar_mp_urbaneastern, st_stairs_5,
          glass_columns_c
D:3:      layout_basic
D:4:      layout_basic, minmay_temple_entry_drinking_statues,
          grunt_ministairs_15, minmay_circle_x, uniq_robin
D:5:      layout_basic, chequers_serial_rivers_large_b
D:6:      layout_rooms
D:7:      layout_loops_ring
D:8:      layout_basic, kennysheep_little_box, uniq_maggie
D:9:      layout_layer_cave, zombieorc1_lemuel
D:10:     layout_loops_cross, serial_rivers, chequers_serial_rivers_small_3,
          chequers_serial_rivers_micro_a, chequers_serial_rivers_micro_c,
          chequers_serial_rivers_room_a, chequers_serial_rivers_micro_d,
          chequers_serial_rivers_marsh, trove_entry_hex_spiral
D:11:     layout_grid_maze, minmay_lair_entry_grove, serial_shops, shop
D:12:     layout_small_grid, ebering_ghost_inner_flame
D:13:     layout_roguey, serial_shops, nicolae_shop_stone, hangedman_decor_push,
          uniq_maurice, uniq_josephine
D:14:     layout_irregular_city, david_vaults_2, gammafunk_ghost_arena,
          minivault_16, hangedman_abyss_or_decor_lesser_grid
D:15:     gammafunk_depths_entry_grave, layout_rooms, nzn_wu_jian_contemplation,
          uniq_jorgrun
Lair:1:   layout_regular_city, serial_rivers, chequers_serial_rivers_small_a,
          chequers_serial_rivers_micro_a, chequers_serial_rivers_room_a,
          chequers_serial_rivers_small_b, chequers_serial_rivers_small_b,
          chequers_serial_rivers_small_a, lemuel_fruit_fields,
          grunt_megastairs_4
Lair:2:   layout_roguey, spider_nest_entry_a
Lair:3:   layout_cellular_growth, infiniplex_staircase_pool, grunt_megastairs_5,
          lemuel_fruit_tree
Lair:4:   layout_cave_pods, minmay_swamp_entry_worms, st_stairs_8,
          grunt_forest_stairs_basic
Lair:5:   nzn_winding_woodlands_cross
          [nzn_winding_woodlands_5x15_river_crossing,
          nzn_winding_woodlands_5x15_sawtooth,
          nzn_winding_woodlands_5x15_parted, nzn_winding_woodlands_5x15_twine,
          nzn_winding_woodlands_15x15_five_gardens], layout_hall_layers,
          nicolae_slime_entry_slimehenge, serial_bayou_pond_b,
          beast_lair_carwin_7
Lair:6:   hangedman_lair_tendril_chambers, layout_gridlike
Swamp:1:  layout_basic_swamp, serial_swamp_ruin, evilmike_swamp_ruin_house_2,
          evilmike_swamp_ruin_rubble_1, evilmike_swamp_ruin_house_1
Swamp:2:  layout_basic_swamp, evilmike_swamp_ruin_house_5, uniq_nikola
Swamp:3:  layout_falls_marsh, infiniplex_staircase_pool_2
Swamp:4:  swamp_pestilence, layout_basic_swamp, swamp_pool1,
          nicolae_swamp_dense_foliage
Spider:1: nicolae_spider_corner, uniq_aizul
Spider:2: layout_spider_delve, special_room [special_room_bee],
          hangedman_spider_mandibles, nicolae_spider_cling_ruins,
          nicolae_spider_rock_and_or_roll
Spider:3: layout_spider_delve, uniq_asterion, uniq_arachne
Spider:4: spider_rune_water, drop_trap
Orc:1:    layout_diamond_mine, serial_shops, shop, nicolae_shop_gadgets,
          uniq_urug, uniq_harold
Orc:2:    grunt_orc_cross, layout_caves, gammafunk_ghost_split, serial_shops,
          shop, minmay_orc_treasury

Skill      XL: |  1  2  3  4  5  6  7  8  9 10 11 12 13 14 15 16 17 18 |
---------------+-------------------------------------------------------+-----
Long Blades    | 4 5 6 7 8 10 12 14 | 14.0
Fighting       | 5 10 14 15 | 15.0
Dodging        | 3 8 11 13 15 16 17 | 17.8
Armour         | 8 11 13 15 16 17 | 17.8
Shields        | 4 8 13 15 | 15.0

Action                   |  1- 3 |  4- 6 |  7- 9 | 10-12 | 13-15 | 16-18 | 19-21 || total
-------------------------+-------+-------+-------+-------+-------+-------+-------++-------
Melee: Falchion          |    82 |    84 |    76 |       |       |       |       ||   242
       Kick              |    17 |    26 |    91 |   233 |   454 |   524 |    74 ||  1419
       Peck              |    20 |    15 |    51 |   158 |   291 |   338 |    53 ||   926
       Scimitar          |       |       |   168 |   568 |   199 |       |       ||   935
       Demon blade       |       |       |       |       |   853 |  1173 |   172 ||  2198
Invok: Berserk           |       |     1 |     9 |    19 |    41 |    26 |     1 ||    97
       Brothers in Arms  |       |       |       |     1 |       |       |       ||     1
Evoke: Wand              |       |       |       |     1 |     2 |     4 |       ||     7
  Use: Scroll            |       |       |       |       |    11 |    15 |     5 ||    31
       Potion            |       |       |       |       |       |     2 |     2 ||     4
 Stab: Sleeping          |     1 |     1 |       |       |       |       |       ||     2
Armor: Animal skin       |    10 |       |       |       |       |       |       ||    10
       Leather armour    |    15 |    21 |    14 |       |       |       |       ||    50
       Scale mail        |       |       |    60 |     9 |       |       |       ||    69
       Fire dragon scale |       |       |       |   191 |   254 |   361 |    38 ||   844
Dodge: Dodged            |    56 |    41 |   110 |   279 |   638 |   712 |    68 ||  1904
Block: Buckler           |       |       |       |       |   108 |   552 |       ||   660
       Kite shield       |       |       |       |       |       |    83 |    91 ||   174
       Reflection        |       |       |       |       |       |     4 |     5 ||     9
       Rpst.: Falchion   |    16 |     8 |    11 |       |       |       |       ||    35
       Scimitar          |       |       |    21 |    67 |    27 |       |       ||   115
       Demon blade       |       |       |       |       |   123 |   120 |     9 ||   252

Table legend: (Time is in decaauts)
 A = Elapsed time spent in this place.
 B = Non-inter-level travel time spent in this place.
 C = Inter-level travel time spent in this place.
 D = Time resting spent in this place.
 E = Time spent auto-exploring this place.
 F = Levels seen in this place.
 G = Mean time per level.
                   A        B        C        D        E       F      G
               +--------+--------+--------+--------+--------+-----+--------+
         Total |  44726 |  41217 |   3509 |   7064 |  27580 |  31 | 1442.8 |
       Dungeon |  17944 |  16553 |   1391 |   1098 |  13139 |  15 | 1196.3 |
          Lair |  10109 |   9350 |    759 |   1584 |   6394 |   6 | 1684.8 |
         Swamp |   4332 |   4200 |    132 |   1181 |   2430 |   4 | 1083.0 |
   Spider Nest |   7763 |   6762 |   1001 |   1007 |   4322 |   4 | 1940.8 |
  Orcish Mines |   4576 |   4352 |    224 |   2191 |   1293 |   2 | 2288.0 |
               +--------+--------+--------+--------+--------+-----+--------+

Top non-repeatable levels by time:
Spider:4: 2671 daAuts
  Lair:2: 2558 daAuts
   Orc:1: 2414 daAuts
  Lair:5: 2276 daAuts
Spider:3: 2243 daAuts
   Orc:2: 2162 daAuts
    D:11: 2127 daAuts
     D:1: 1993 daAuts
  Lair:6: 1982 daAuts
Spider:1: 1801 daAuts
     D:8: 1792 daAuts
     D:9: 1734 daAuts
 Swamp:1: 1569 daAuts
    D:10: 1430 daAuts
 Swamp:4: 1306 daAuts
